 Dungeon Crawl Stone Soup version 0.25-a0-446-g92cdcce (webtiles) character file.

Game seed: 17916065336261936305, levelgen mode: deterministic

196 Auros the Cutter (level 6, -3/41 HPs)
             Began as a Halfling Warper on Jan 30, 2020.
             Killed from afar by an orc wizard (6 damage)
             ... with a puff of flame
             ... on level 5 of the Dungeon.
             The game lasted 00:09:29 (1882 turns).

Auros the Cutter (Halfling Warper)                  Turns: 1882, Time: 00:09:30

Health: -3/41      AC:  5    Str: 14    XL:     6   Next: 4%
Magic:  7/9        EV: 19    Int: 11    God:
Gold:   81         SH:  0    Dex: 14    Spells: 2/9 levels left

rFire    . . .     SeeInvis .   a - +0 short sword
rCold    . . .     Gourm    .   (shield restricted)
rNeg     . . .     Faith    .   b - +0 leather armour
rPois    +         Spirit   .   (no helmet)
rElec    .         Reflect  .   u - +1 cloak
rCorr    .         Harm     .   (no gloves)
MR       .....                  (no boots)
Stlth    +.........             (no amulet)
HPRegen  0.13/turn              o - +4 ring of evasion
MPRegen  0.11/turn              s - ring of poison resistance

@: no status effects
A: small, mutation resistance 1
a: no special abilities


You were on level 5 of the Dungeon.
You were near starving.

You visited 1 branch of the dungeon, and saw 8 of its levels.

You collected 81 gold pieces.

Inventory:

Hand Weapons
 a - a +0 short sword (weapon)
Missiles
 e - 5 boomerangs of dispersal (quivered)
 Z - 82 stones
Armour
 b - a +0 leather armour (worn)
 t - a +0 plate armour
 u - a +1 cloak (worn)
Jewellery
 l - an uncursed ring of ice
 m - an uncursed ring of magical power
 o - a +4 ring of evasion (left hand)
 s - a ring of poison resistance (right hand)
Scrolls
 c - 2 scrolls of enchant weapon {unknown}
 d - 2 scrolls of remove curse {unknown}
 g - a scroll of amnesia {unknown}
 i - a scroll of teleportation {unknown}
 j - a scroll of enchant armour {unknown}
 k - a scroll of blinking
 p - a scroll of immolation {unknown}
Potions
 f - 2 potions of agility {unknown}
 n - a potion of ambrosia {unknown}
 q - 2 potions of haste {unknown}
 r - a potion of curing
 v - a potion of heal wounds {unknown}
Comestibles
 z - 5 rations


   Skills:
 + Level 2.6 Fighting
 + Level 3.5 Short Blades
 + Level 2.2 Throwing
 + Level 2.6 Armour
 + Level 3.2 Dodging
 + Level 2.2 Spellcasting
 - Level 3.2 Translocations


You had 2 spell levels left.
You knew the following spells:

 Your Spells              Type           Power        Failure   Level  Hunger
a - Blink                 Tloc           N/A          14%         2    ###....
b - Shroud of Golubria    Chrm/Tloc      #.....       26%         2    ###....
c - Teleport Other        Tloc           #.......     26%         3    ####...

Your spell library contained the following spells:

 Spells                   Type           Power        Failure   Level  Hunger
 Gell's Gravitas          Tloc           #.........   26%         3    ####...
 Lesser Beckoning         Tloc           #.........   26%         3    ####...
 Passage of Golubria      Tloc           N/A          65%         4    #####..


Dungeon Overview and Level Annotations

Branches:
Dungeon (8/15)
 Temple: D:4-7         Lair: D:8-11

Altars:
Ashenzari
Sif Muna
Vehumet

Annotations:
D:8 1 runed translucent door


Innate Abilities, Weirdness & Mutations

You are small and have problems with some larger weapons.
You are somewhat resistant to further mutation.


Message History

Found a potion of curing.
There is a stone staircase leading down here.
The orc wizard casts a spell.
The orc wizard flickers and vanishes!
Deactivating autopickup; reactivate with Ctrl-A.
The quokka falls through a shaft!
The shaft crumbles and collapses.
A crimson imp comes into view.
The wight misses you.
You hear some strange, mumbled words.
A puff of frost appears from out of thin air!
The puff of frost hits you!
* * * LOW HITPOINT WARNING * * *
There is a stone staircase leading down here.
Casting: Blink (safe; 14% risk of failure)
Confirm with . or Enter, or press ? or * to list all spells.
You blink.
You are near starving!
A puff of flame appears from out of thin air!
The puff of flame hits you.
You die...

#.....<....#
#..........#
#...##.....# ..
#...##.....# #..
#...##.....## ### #.#
#...##......#####.##
.#
#..................#
#
##...##..............
#..@.####............
#...## ####.........
###### #...#
##........ ##....#
#...# #........
###.....###...#
#........ #
##........###..#
#........
####....#....# #.z##
##........
.##....###...###...#
##.)....... .....{##
##...##...#
##....###...


You could see a wight.

Vanquished Creatures
  A phantom (D:5)
  2 worker ants
  A hound zombie (D:5)
  An adder (D:5)
  2 gnolls (D:4)
  A worm (D:5)
  2 dart slugs
  3 leopard geckos
  A bat (D:3)
  2 jackals (D:3)
  2 quokkas
  2 frilled lizards
  A kobold (D:3)
21 creatures vanquished.

Notes
Turn   | Place    | Note
-------+----------+-------------------------------------------
     0 | D:1      | Auros the Halfling Warper began the quest for the Orb.
     0 | D:1      | Reached XP level 1. HP: 14/14 MP: 3/3
   393 | D:2      | Found a radiant altar of Vehumet.
   442 | D:3      | Reached XP level 2. HP: 18/19 MP: 4/4
   446 | D:3      | Learned a level 2 spell: Blink
   613 | D:4      | Reached XP level 3. HP: 13/24 MP: 5/5
   889 | D:4      | Reached XP level 4. HP: 29/29 MP: 6/6
   903 | D:5      | Entered Level 5 of the Dungeon
  1361 | D:5      | Noticed a phantom
  1425 | D:5      | Killed a phantom
  1425 | D:5      | Reached XP level 5. HP: 20/35 MP: 8/8
  1447 | D:4      | Found a shimmering blue altar of Sif Muna.
  1447 | D:4      | Found a shattered altar of Ashenzari.
  1562 | D:4      | Learned a level 2 spell: Shroud of Golubria
  1566 | D:4      | Learned a level 3 spell: Teleport Other
  1738 | D:5      | Reached XP level 6. HP: 38/41 MP: 9/9
  1757 | D:5      | You fall into a shaft and drop 3 floors!
  1758 | D:8      | Noticed an ice beast
  1767 | D:8      | Found a runed translucent gate.
  1875 | D:5      | HP: 2/41 [something/puff of frost (11)]
  1882 | D:5      | Killed from afar by an orc wizard

Levels and vault maps discovered:
D:1:      minmay_arrival_three_doors, layout_loops_corners
D:2:      minmay_chambers_of_twos, layout_loops_ring,
          lemuel_coloured_pillars_altar, nicolae_overflow_crystal_walls,
          uniq_terence
D:3:      layout_basic, overflow_temple_1_default,
          grunt_dithmenos_smoke_and_mirrors
D:4:      layout_basic, kennysheep_little_box, nicolae_overflow_hidden_temple
D:5:      layout_layer_cave, minmay_temple_entry_proselytizer, first_ration,
          uniq_duvessa
D:6:      layout_basic, kennysheep_generic_room_16
D:7:      layout_layer_cave, zin_scriptorium, hellmonk_ghost_happy_afterlife,
          nicolae_tso_swordbearing_angel, uniq_prince_ribbit1
D:8:      minmay_the_grid_triangle_9x9_recursive_2
          [minmay_the_grid_triangle_9x9_prize_center,
          minmay_the_grid_triangle_9x9_minimal,
          minmay_the_grid_triangle_9x9_sprig,
          minmay_the_grid_triangle_9x9_windchime], layout_gridville,
          elyvilon_altar_3, brannock_xom_greatest_gift, grunt_qazlal_sundering,
          biasface_ghost_orc_armoury

Skill      XL: |  1  2  3  4 |
---------------+-------------+-----
Fighting       | 2 |  2.6
Short Blades   | 3 |  3.5
Spellcasting   | 2 |  2.2
Armour         | 2 |  2.6
Throwing       | 2 |  2.2
Dodging        | 3 |  3.2
Translocations | |  3.2

Action                   |  1- 3 |  4- 6 || total
-------------------------+-------+-------++-------
Melee: Short sword       |    79 |    89 ||   168
 Cast: Blink             |     1 |     4 ||     5
  Use: Potion            |     1 |       ||     1
  Eat: Chunk             |       |     2 ||     2
Armor: Leather armour    |    10 |     7 ||    17
Dodge: Dodged            |    54 |    62 ||   116

Table legend:
 A = Non-vault XP
 B = Vault XP
 C = Vault XP percentage of total XP
 D = Non-vault monster count
 E = Vault monster count
 F = Vault count percentage of total count
                 A         B        C        D         E       F
            +---------+---------+-------+---------+---------+-------
      Total |     281 |       0 |   0.0 |      21 |       0 |   0.0
            +---------+---------+-------+---------+---------+-------
        D:1 |       1 |       0 |   0.0 |       1 |       0 |   0.0
        D:2 |       2 |       0 |   0.0 |       1 |       0 |   0.0
        D:3 |      14 |       0 |   0.0 |       6 |       0 |   0.0
        D:4 |      64 |       0 |   0.0 |       4 |       0 |   0.0
        D:5 |     200 |       0 |   0.0 |       9 |       0 |   0.0
            +---------+---------+-------+---------+---------+-------
